 Dungeon Crawl Stone Soup version 0.19.5 (webtiles) character file.

452 JustSomeDude the Scholar of Death (level 6, -4/42 HPs)
             Began as a Demonspawn Necromancer on Dec 11, 2016.
             Was a Follower of Kikubaaqudgha.
             Slain by a wraith (7 damage)
             ... created by the anger of Yredelemnul
             ... on level 4 of the Dungeon on Mar 19, 2017.
             The game lasted 00:41:06 (5167 turns).

JustSomeDude the Scholar of Death (DsNe)            Turns: 5167, Time: 00:41:07

Health: -4/42      AC:  7    Str:  9    XL:     6   Next: 75%
Magic:  0/12       EV: 18    Int: 18    God:    Kikubaaqudgha [*.....]
Gold:   118        SH:  0    Dex: 18    Spells: 3 memorised, 5 levels left

rFire  . . .     SeeInvis .     (no weapon)
rCold  . . .     Gourm    .     a - +0 robe
rNeg   . . .     Faith    .     (no shield)
rPois  .         Spirit   +     (no helmet)
rElec  .         Reflect  .     m - +0 cloak
rCorr  .         Harm     .     (no gloves)
MR     .....                    j - +1 pair of boots
Stlth  +++.......               (no amulet)
                                (no ring)
                                (no ring)

@: agile, slowed, very slow
A: slimy green scales 1, powered by pain 1, magic shield
a: Receive Corpses, Renounce Religion


You were on level 4 of the Dungeon.
You worshipped Kikubaaqudgha.
Kikubaaqudgha was aware of your devotion.
You were near starving.

You visited 2 branches of the dungeon, and saw 5 of its levels.

You collected 118 gold pieces.

Inventory:

Missiles
 e - 5 steel javelins (quivered)
Armour
 a - a +0 robe (worn)
 j - a +1 pair of boots (worn)
 m - a +0 cloak (worn)
 w - a cursed -1 pair of gloves
Scrolls
 f - a scroll of noise {unknown}
 h - a scroll of immolation {unknown}
 i - 2 scrolls of blinking {unknown}
 k - 2 scrolls of enchant weapon {unknown}
 l - 2 scrolls of identify
 r - 6 scrolls of remove curse {unknown}
 s - a scroll of fear {unknown}
 v - a scroll of recharging {unknown}
Potions
 n - a potion of brilliance
 o - a potion of might
 p - a potion of degeneration {unknown}
Books
 b - a book of Necromancy

   Spells                             Type                      Level
   a - Pain                           Necromancy                   1
   b - Animate Skeleton               Necromancy                   1
   c - Vampiric Draining              Necromancy                   3
   d - Regeneration                   Charms/Necromancy            3
   e - Animate Dead                   Necromancy                   4
   f - Control Undead                 Necromancy                   4
 x - Kikubaaqudgha's Volume of Black Arts
   (Kikubaaqudgha gifted it to you on level 3 of the Dungeon)

   Spells                             Type                      Level
   a - Pain                           Necromancy                   1
   b - Corpse Rot                     Necromancy                   2
   c - Sublimation of Blood           Necromancy                   2
   d - Vampiric Draining              Necromancy                   3
   e - Control Undead                 Necromancy                   4
Comestibles
 c - 5 bread rations
 d - a meat ration
 t - 3 fruits


   Skills:
 + Level 0.4 Fighting
 + Level 2.0 Dodging
 + Level 1.9 Stealth
 + Level 0.6 Unarmed Combat
 + Level 4.2 Spellcasting
 * Level 7.3 Necromancy


You had 5 spell levels left.
You knew the following spells:

 Your Spells              Type           Power        Failure   Level  Hunger
a - Pain                  Necr           ####         1%          1    None
b - Animate Dead          Necr           N/A          10%         4    ####...
c - Vampiric Draining     Necr           ####......   2%          3    ###....


Dungeon Overview and Level Annotations

Branches:
Dungeon (4/15)             Temple (1/1) D:4

Altars:
Ashenzari
Elyvilon
Fedhas
Gozag
Hepliaklqana
Kikubaaqudgha
Makhleb
Nemelex Xobeh
Okawaru
Qazlal
Sif Muna
Uskayaw
Vehumet
Xom
Yredelemnul
The Shining One

Annotations:
D:4 Duvessa, Grinder


Innate Abilities, Weirdness & Mutations

You are partially covered in slimy green scales. (AC +2)
You sometimes gain a little power by taking damage.
When hurt, damage is shared between your health and your magic reserves.


Message History

The centaur warrior zombie hits the bush but does no damage. x2
The wraith hits you. The centaur warrior zombie hits you.
The centaur warrior zombie hits you.
The centaur warrior zombie hits you but does no damage.
You feel yourself speed up. The wraith hits you!
* * * LOW HITPOINT WARNING * * *
The wraith drains your vigour!
You feel yourself slow down.
You feel better. The wraith hits you!
* * * LOW HITPOINT WARNING * * *
You focus on the pain.
You feel agile all of a sudden. The wraith drains your vigour!
You feel as though you will be slow longer.
The wraith hits you.
* * * LOW HITPOINT WARNING * * *
The wraith hits you!
You die...
Kikubaaqudgha rasps: "You have failed me!
Welcome... death!"

# #..#. #.#........)....>.... #.
#.#. #..............P.P..#
#.####.. #....................
##......#####...........####.#.##
#......................## #...##
#.#.....#####.........## ....#
#....## #..##.##.## ....## #
#....# ####..#..Z..# .....#
#.#....# #......@W#### #.#....#
#...<....# ......<###........#
..................#
........#.........#
...####...........# ...
#..#........# .. #..#........# ..
#.##........#


You could see a wraith and a centaur warrior zombie.

Vanquished Creatures
  An orc priest (D:4)
  A worker ant (D:3)
  3 orc wizards
  Robin (D:4)
  A worker ant zombie (D:3)
  5 adders
  3 worms (D:2)
  A dart slug (D:2)
  2 leopard geckos
  13 orcs
  A giant cockroach (D:3)
  16 goblins
  8 hobgoblins
  6 jackals
  A quokka (D:3)
  8 bats
  2 frilled lizards (D:2)
  11 kobolds
  9 rats
93 creatures vanquished.

Vanquished Creatures (collateral kills)
  Menkaure (D:3)
  A centaur skeleton (D:4)
  A worker ant (D:4)
3 creatures vanquished.

Grand Total: 96 creatures vanquished

Notes
Turn   | Place    | Note
-------+----------+-------------------------------------------
     0 | D:1      | JustSomeDude the Demonspawn Necromancer began the quest for the Orb.
     0 | D:1      | Reached XP level 1. HP: 13/13 MP: 3/3
   276 | D:1      | Upgraded the game from 0.19.1 to 0.19.1-1-g22dce08
   324 | D:1      | Upgraded the game from 0.19.1-1-g22dce08 to 0.19.5
   380 | D:1      | Gained mutation: When hurt, damage is shared between your health and your magic reserves. [demonic ancestry]
   380 | D:1      | Reached XP level 2. HP: 11/19 MP: 0/5
   855 | D:1      | Reached skill level 5 in Necromancy
  1269 | D:2      | Found a basalt altar of Yredelemnul.
  1283 | D:2      | Became a worshipper of Yredelemnul the Dark
  1568 | D:2      | Reached XP level 3. HP: 24/24 MP: 4/6
  2599 | D:3      | Found an ancient bone altar of Kikubaaqudgha.
  2629 | D:3      | Fell from the grace of Yredelemnul
  2629 | D:3      | Became a worshipper of Kikubaaqudgha
  2803 | D:3      | Reached XP level 4. HP: 25/30 MP: 2/8
  2965 | D:3      | Found a hide-covered altar of Uskayaw.
  3287 | D:3      | Found a radiant altar of Vehumet.
  3347 | D:3      | Learned a level 4 spell: Animate Dead
  3406 | D:3      | Gained mutation: You sometimes gain a little power by taking damage. [demonic ancestry]
  3406 | D:3      | Reached XP level 5. HP: 31/35 MP: 3/10
  3572 | D:4      | Noticed Menkaure
  3572 | D:4      | Noticed Robin
  3608 | D:3      | Reached skill level 6 in Necromancy
  3619 | D:3      | Killed Menkaure
  3677 | D:3      | Reached * piety under Kikubaaqudgha
  3677 | D:3      | Identified Kikubaaqudgha's Volume of Black Arts (Kikubaaqudgha gifted it to you on level 3 of the Dungeon)
  3677 | D:3      | Received a gift from Kikubaaqudgha
  3677 | D:3      | Gained mutation: You are partially covered in slimy green scales. (AC +2) [demonic ancestry]
  3677 | D:3      | Reached XP level 6. HP: 29/42 MP: 8/11
  3858 | D:3      | Noticed a wraith
  4269 | D:4      | Reached skill level 7 in Necromancy
  4514 | D:4      | Killed Robin
  4586 | D:4      | Found a staircase to the Ecumenical Temple.
  4604 | D:4      | Noticed Grinder
  4724 | Temple   | Entered the Ecumenical Temple
  4917 | Temple   | Learned a level 3 spell: Vampiric Draining
  5125 | D:4      | Noticed Duvessa
  5144 | D:4      | Noticed a wraith
  5167 | D:4      | Slain by a wraith

Skill      XL: |  1  2  3  4  5  6 |
---------------+-------------------+-----
Necromancy     | 5 6 7 |  7.3
Spellcasting   | 3 4 |  4.2
Dodging        | 2 |  2.0
Fighting       | |  0.4
Stealth        | |  1.9
Unarmed Combat | |  0.6

Action                   |  1- 3 |  4- 6 || total
-------------------------+-------+-------++-------
Melee: Unarmed           |    21 |    57 ||    78
 Cast: Pain              |   106 |   101 ||   207
       Animate Dead      |       |     5 ||     5
  Use: Scroll            |     1 |       ||     1
       Potion            |       |     9 ||     9
  Eat: Chunk             |     6 |     6 ||    12
       Pizza             |       |     1 ||     1
Armor: Robe              |    13 |    70 ||    83
Dodge: Dodged            |    39 |   124 ||   163
